 Dungeon Crawl Stone Soup version 0.19.5 (webtiles) character file.

56 tidbits the Gusty (level 3, -3/21 HPs)
             Began as a High Elf Air Elementalist on Dec 10, 2017.
             Slain by Xiguana's ghost (11 damage)
             ... on level 3 of the Dungeon.
             The game lasted 00:06:10 (794 turns).

tidbits the Gusty (High Elf Air Elementalist)        Turns: 794, Time: 00:06:11

Health: -3/21      AC:  2    Str: 10    XL:     3   Next: 71%
Magic:  4/8        EV: 13    Int: 19    God:
Gold:   147        SH:  0    Dex: 16    Spells: 3 memorised, 3 levels left

rFire  + . .     SeeInvis .     e - -2 club (curse)
rCold  . . .     Gourm    .     a - +0 robe
rNeg   . . .     Faith    .     (no shield)
rPois  .         Spirit   .     (no helmet)
rElec  .         Reflect  .     (no cloak)
rCorr  .         Harm     .     (no gloves)
MR     .....                    (no boots)
Stlth  ++........               (no amulet)
                                u - +3 ring of strength
                                f - ring of protection from fire

@: no status effects
A: no striking features
a: no special abilities


You were on level 3 of the Dungeon.
You were not hungry.

You visited 1 branch of the dungeon, and saw 3 of its levels.

You collected 147 gold pieces.

Inventory:

Hand Weapons
 e - a cursed -2 club (weapon)
   (You took it off a goblin on level 1 of the Dungeon)
 o - a +0 dagger
   (You took it off a goblin on level 1 of the Dungeon)
Missiles
 g - 38 arrows
 p - 5 silver tomahawks (quivered)
 v - 27 bolts
Armour
 a - a +0 robe (worn)
 r - a cursed +0 ring mail
   (You found it on level 2 of the Dungeon)
Jewellery
 f - a ring of protection from fire (left hand)
   (You found it on level 1 of the Dungeon)
 u - a +3 ring of strength (right hand)
   (You found it on level 2 of the Dungeon)
Wands
 q - a wand of confusion (27/48)
   (You found it on level 2 of the Dungeon)
Scrolls
 i - 4 scrolls of remove curse {unknown}
 k - a scroll of noise {unknown}
 m - a scroll of teleportation {unknown}
 t - a scroll of enchant armour {unknown}
Potions
 h - 2 potions of brilliance {unknown}
 j - a potion of curing {unknown}
 l - a potion of degeneration {unknown}
Books
 b - a book of Air

   Spells                             Type                      Level
   a - Shock                          Conjuration/Air              1
   b - Swiftness                      Charms/Air                   2
   c - Repel Missiles                 Charms/Air                   2
   d - Static Discharge               Conjuration/Air              3
   e - Lightning Bolt                 Conjuration/Air              5
Comestibles
 c - a bread ration
 d - a beef jerky
 n - 2 meat rations
 s - a royal jelly


   Skills:
 - Level 2.5 Dodging
 - Level 2.3 Stealth
 + Level 3.1 Spellcasting
 + Level 2.2 Conjurations
 + Level 4.3 Air Magic


You had 3 spell levels left.
You knew the following spells:

 Your Spells              Type           Power        Failure   Level  Hunger
a - Shock                 Conj/Air       ###.         4%          1    None
m - Repel Missiles        Chrm/Air       ##....       12%         2    ##.....
W - Swiftness             Chrm/Air       ##......     12%         2    ##.....


Dungeon Overview and Level Annotations

Branches:
Dungeon (3/15)

Altars:
Ashenzari
Elyvilon
Xom

Annotations:
D:3 Xiguana's ghost, amateur HEGl


Message History

You found a teleport trap!
The helpless giant cockroach fails to defend itself.
You hit the giant cockroach but do no damage.
The giant cockroach misses you. The giant cockroach misses you.
The giant cockroach barely misses you.
Found a scroll labeled VOIHINK KYPLA.
You see here a scroll labeled VOIHINK KYPLA.
i - 4 scrolls labeled VOIHINK KYPLA (gained 1)
The giant cockroach closely misses you.
Casting: Shock
Confirm with . or Enter, or press ? or * to list all spells.
Aiming: Shock
Press: ? - help, Shift-Dir - straight line The zap misses the giant cockroach.
The zap hits the giant cockroach.
You kill the giant cockroach!
Found a stone staircase leading down.
An adder comes into view.
Found 6 bolts.
Casting: Shock
Confirm with . or Enter, or press ? or * to list all spells.
Aiming: Shock
Press: ? - help, Shift-Dir - straight line, f - adder
Aim: an adder (resting)
The zap hits the adder.
The adder is lightly wounded.
The adder hisses angrily.
Casting: Shock
Confirm with . or Enter, or press ? or * to list all spells.
Aiming: Shock
Press: ? - help, Shift-Dir - straight line, p - adder The zap hits the adder.
The adder is heavily wounded.
The zap hits the adder.
You kill the adder!
A dart slug comes into view.
Casting: Shock
Confirm with . or Enter, or press ? or * to list all spells.
Aiming: Shock
Press: ? - help, Shift-Dir - straight line The zap hits the dart slug.
The dart slug is moderately wounded.
The zap hits the dart slug.
The dart slug is severely wounded.
Casting: Shock
Confirm with . or Enter, or press ? or * to list all spells.
Aiming: Shock
Press: ? - help, Shift-Dir - straight line The zap hits the dart slug.
You kill the dart slug!
Found 12 gold pieces.
Xiguana's ghost (amateur High Elf Gladiator) comes into view.
You see here 6 bolts.
v - 27 bolts (gained 6)
Press: ? - help, v - describe, . - travel The floor.
Casting: Shock
Confirm with . or Enter, or press ? or * to list all spells.
Aiming: Shock
Press: ? - help, Shift-Dir - straight line The zap hits Xiguana's ghost.
Xiguana's ghost is lightly damaged.
Xiguana's ghost turns its malevolent gaze towards you.
The zap hits Xiguana's ghost.
Xiguana's ghost appears unharmed.
Xiguana's ghost is lightly damaged.
Xiguana's ghost hits you.
Casting: Shock
Confirm with . or Enter, or press ? or * to list all spells.
Aiming: Shock
Press: ? - help, Shift-Dir - straight line The zap hits Xiguana's ghost.
Xiguana's ghost is lightly damaged.
The zap hits Xiguana's ghost.
Xiguana's ghost appears unharmed.
Xiguana's ghost is lightly damaged.
Xiguana's ghost barely misses you.
Casting: Shock
Confirm with . or Enter, or press ? or * to list all spells.
Aiming: Shock
Press: ? - help, Shift-Dir - straight line The zap hits Xiguana's ghost.
Xiguana's ghost is moderately damaged.
The zap hits Xiguana's ghost.
Xiguana's ghost is moderately damaged.
Xiguana's ghost hits you but does no damage.
Casting: Shock
Confirm with . or Enter, or press ? or * to list all spells.
Aiming: Shock
Press: ? - help, Shift-Dir - straight line The zap misses Xiguana's ghost.
The zap hits Xiguana's ghost.
Xiguana's ghost appears unharmed.
Xiguana's ghost is moderately damaged.
Xiguana's ghost hits you!
Ouch! That really hurt!
* * * LOW HITPOINT WARNING * * *
Press: ? - help, v - describe, . - travel
Here: Xiguana's ghost (moderately damaged)
The floor.
There is a stone staircase leading down here.
Xiguana's ghost hits you!
Ouch! That really hurt!
You die...

## ## # #. .##.# ##.##
.##.#### .###.... ........
...$...# ..# #.######
##...#######.#.###.......
#......W@...###.....#####
#....###.###.#.###..#
#........# ##..# #..#
###........# ##.# #^.#
#...........# #.###..###
#.#####..##.#####........#
# #..##.......###.......
#..###.#.#### ##...###
#........# #...#


You could see Xiguana's ghost.

Vanquished Creatures
  2 adders
  3 worms
  A dart slug (D:3)
  3 giant cockroaches
  6 goblins
  2 hobgoblins
  2 kobolds
  A quokka (D:2)
  3 bats (D:1)
  2 frilled lizards
  2 rats (D:1)
27 creatures vanquished.

Notes
Turn   | Place    | Note
-------+----------+-------------------------------------------
     0 | D:1      | tidbits the High Elf Air Elementalist began the quest for the Orb.
     0 | D:1      | Reached XP level 1. HP: 11/11 MP: 4/4
   303 | D:1      | Reached XP level 2. HP: 14/17 MP: 0/6
   307 | D:1      | Learned a level 2 spell: Repel Missiles
   310 | D:1      | Learned a level 2 spell: Swiftness
   494 | D:3      | Found a shattered altar of Ashenzari.
   507 | D:3      | Found a white marble altar of Elyvilon.
   514 | D:2      | Found a shimmering altar of Xom.
   590 | D:2      | Found a faded altar of an unknown god.
   607 | D:2      | Reached skill level 2 in Conjurations
   607 | D:2      | Reached XP level 3. HP: 21/21 MP: 4/8
   624 | D:2      | Reached skill level 4 in Air Magic
   718 | D:3      | Reached skill level 3 in Spellcasting
   779 | D:3      | Noticed Xiguana's ghost (amateur HEGl)
   794 | D:3      | Slain by Xiguana's ghost

Skill      XL: |  1  2  3 |
---------------+----------+-----
Conjurations   | 2 |  2.2
Air Magic      | 4 |  4.3
Spellcasting   | 3 |  3.1
Dodging        | |  2.5
Stealth        | |  2.3

Action                   || total
-------------------------++-------
Melee: Unarmed           ||     3
       Club              ||     3
 Cast: Shock             ||    58
 Stab: Sleeping          ||     2
Armor: Robe              ||    26
Dodge: Dodged            ||    54

Table legend:
 A = Turns spent in this place as a percentage of turns spent in the entire game.
 B = Non-inter-level travel turns spent in this place as a percentage of non-inter-level travel turns spent in the entire game.
 C = Inter-level travel turns spent in this place as a percentage of turns spent in this place.
 D = Turns resting spent in this place as a percentage of non-inter-level travel turns spent in this place.
 E = Turns spent auto-exploring this place as a percentage of non-inter-level travel turns spent in this place.
 F = Non-inter-level travel turns spent in this place divided by the number of levels of this place that you've seen.
                   A       B       C       D       E      F
               +-------+-------+-------+-------+-------+----------------------
         Total | 100.0 | 100.0 |   0.0 |   0.0 |   0.3 | 232.0
       Dungeon | 100.0 | 100.0 |   0.0 |   0.0 |   0.3 | 232.0
               +-------+-------+-------+-------+-------+----------------------

Table legend:
 A = Kills in this place as a percentage of kills in entire the game.
 B = Kills by you in this place as a percentage of kills by you in the entire game.
 C = Kills by friends in this place as a percentage of kills by friends in the entire game.
 D = Other kills in this place as a percentage of other kills in the entire game.
 E = Experience gained in this place as a percentage of experience gained in the entire game.
 F = Experience gained in this place divided by the number of levels of this place that you have seen.
                   A       B       C       D       E      F
               +-------+-------+-------+-------+-------+----------------------
         Total | 100.0 | 100.0 |  -nan |  -nan | 100.0 |  27.0
       Dungeon | 100.0 | 100.0 |  -nan |  -nan | 100.0 |  27.0
               +-------+-------+-------+-------+-------+----------------------

Vault maps used:
D:1:      nagdon_arrival_double_spiral, kennysheep_flooded_box
D:2:      ecumenical_altar_1, xom_teletrap_fun
D:3:      elyvilon_altar_4, minmay_misc_feat_rows, nicolae_ashenzari_panopticon
